Map: King Sejong Station LE

Players

RoRrO - Winner!

  • Race: Terran Terran
  • League: Master

Miszu

  • Race: Protoss Protoss
  • League: Master

VOD

Have the link to the VOD?

Description

Time

  • Played on: June 27, 2016, 3:52 p.m.
  • Length: 13:33
Show
View Real Time Build Order
Export as new Build Order

RoRrO Terran - Winner!

Build Orders: MMM Bio 

Get SALT Encoding   

  12  0:00  SCV  
  13  0:13  SCV  
  14  0:17  Supply Depot  
  14  0:25  SCV  
  15  0:39  SCV  
  15  0:40  Barracks  
  16  0:43  Refinery  
  16  0:51  SCV  
  17  1:03  SCV  
  18  1:15  SCV  
  19  1:27  Marine  
  19  1:28  Orbital Command  
  20  1:43  Command Center  
  20  1:48  Barracks Reactor  
  20  1:53  SCV  
  21  2:00  Supply Depot  
  21  2:06  SCV  
  22  2:11  Factory  
  22  2:18  Refinery, SCV  
  23  2:25  Marine  
  23  2:26  Marine  
  25  2:31  SCV  
  25  2:43  Marine x2, SCV  
  28  2:55  SCV  
  28  2:56  Factory Tech Lab  
  28  2:57  Starport  
  29  3:03  Orbital Command  
  29  3:07  SCV  
  29  3:09  Marine x2  
  32  3:17  Siege Tank  
  36  3:20  SCV  
  36  3:29  SCV  
  36  3:32  SCV  
  38  3:35  Medivac  
  38  3:38  Engineering Bay  
  38  3:40  Marine  
  41  3:41  Marine  
  41  3:44  SCV  
  43  3:49  Supply Depot  
  43  3:58  Siege Tank  
  46  4:03  Supply Depot  
  46  4:10  SCV x2  
  46  4:11  Missile Turret  
  46  4:16  Missile Turret  
  48  4:22  SCV  
  48  4:23  Marine x2  
  51  4:27  SCV  
  48  4:38  SCV  
  48  4:43  SCV  
  50  4:49  Marine  
  50  4:50  Marine  
  50  4:51  Starport Tech Lab  
  52  4:55  SCV  
  52  4:57  Missile Turret  
  53  5:01  Siege Tank  
  56  5:07  Marine  
  56  5:08  Marine  
  56  5:09  SCV  
  56  5:10  SCV  
  60  5:14  Raven  
  60  5:20  Supply Depot  
  62  5:41  SCV  
  60  5:46  SCV  
  60  5:48  Siege Tank  
  61  5:53  SCV  
  61  5:56  Barracks Tech Lab, Barracks x2  
  62  5:57  Supply Depot  
  62  5:58  SCV  
  62  6:01  Refinery  
  63  6:05  SCV  
  63  6:08  Barracks  
  63  6:10  Terran Infantry Weapons Level 1  
  63  6:11  Starport Reactor  
  64  6:15  SCV  
  64  6:16  Marine  
  64  6:17  SCV, Stimpack  
  67  6:24  Supply Depot  
  67  6:25  Refinery  
  67  6:27  SCV  
  64  6:34  Marine  
  64  6:39  SCV  
  65  6:43  SCV  
  65  6:44  Barracks Reactor  
  61  6:51  SCV  
  61  6:52  Marine x3  
  65  6:55  Supply Depot, SCV  
  65  6:58  Marine  
  65  6:59  Refinery  
  67  7:03  SCV  
  67  7:05  Medivac x2  
  67  7:07  SCV  
  73  7:09  Siege Tank  
  73  7:10  Marine  
  73  7:11  Marauder  
  79  7:16  Marine x2  
  79  7:18  SCV  
  79  7:20  Supply Depot  
  82  7:28  Marine x3, Combat Shields  
  86  7:31  Marine  
  86  7:34  Marauder  
  88  7:39  Command Center  
  88  7:40  Marine  
  88  7:42  Medivac  
  91  7:45  Marine  
  91  7:46  Marine, SCV  
  94  7:52  Supply Depot, Marauder  
  94  7:56  Marauder  
  98  8:04  Terran Infantry Armor Level 1  
  98  8:15  Marine x3, Marauder  
  98  8:16  Siege Tank  
  98  8:17  SCV  
  107  8:20  Supply Depot  
  107  8:25  Liberator  
  107  8:28  Marine x2  
  107  8:32  Marine  
  107  8:34  Armory  
  110  8:37  Supply Depot  
  110  8:42  Marauder  
  110  8:44  Marine x2  
  117  8:49  Barracks  
  117  8:50  Supply Depot, Barracks  
  117  8:51  Marauder  
  117  8:55  Liberator  
  119  8:56  Supply Depot  
  119  9:02  SCV  
  120  9:03  Marauder  
  120  9:05  Marine  
  120  9:09  Marine  
  124  9:10  Siege Tank  
  124  9:12  Marauder  
  124  9:15  Missile Turret  
  131  9:19  Marine x2  
  131  9:23  Marine  
  132  9:27  Marine x2  
  132  9:30  Supply Depot  
  134  9:32  Orbital Command  
  134  9:34  Marauder  
  134  9:37  Marine x2, Barracks Tech Lab  
  138  9:42  SCV  
  138  9:45  Marauder  
  141  9:54  Supply Depot  
  141  9:57  Marine  
  141  9:58  Marine, Marauder  
  145  10:01  Supply Depot  
  145  10:03  SCV  
  146  10:12  Marauder  
  147  10:19  Marine x2, Marauder x2  
  147  10:20  Marine  
  145  10:25  Marine x2  
  147  10:33  Marauder  
  142  10:36  Marine  
  142  10:38  Marine  
  142  10:40  Marauder  
  142  10:41  Marauder  
  142  10:43  Marine  
  142  10:44  SCV x2  
  142  10:45  Marine  
  142  10:49  Marine  
  143  10:54  Marine, Marauder  
  146  11:02  Marauder x2  
  150  11:04  Marine x3  
  150  11:07  Marine  
  128  11:12  Marine  
  128  11:16  Marauder  
  128  11:17  Medivac x2  
  135  11:18  SCV  
  135  11:22  Marine x3  
  135  11:23  Marauder x2  
  142  11:30  Marine  
  142  11:31  Marine  
  128  11:37  Marauder  
  128  11:39  Marine, SCV  
  129  11:40  Marine x2  
  129  11:45  Marauder x2  
  132  11:54  Liberator  
  132  11:57  Marine x2  
  132  11:59  Marauder  
  132  12:00  SCV  
  132  12:01  Supply Depot, SCV  
  138  12:02  SCV  
  138  12:04  Refinery  
  138  12:05  Command Center  
  138  12:06  Marauder  
  141  12:10  Marine  
  141  12:12  SCV  
  146  12:19  Marine x2  
  146  12:20  Marauder  
  150  12:28  Marine, Marauder  
  150  12:29  Barracks Tech Lab  
  151  12:46  Marine x2  
  151  12:47  Marauder  
  155  13:02  Marauder x3  
  167  13:06  Engineering Bay  
  167  13:07  SCV  
  167  13:08  Marauder, SCV  
  167  13:09  Refinery  
Show
View Real Time Build Order
Export as new Build Order

Miszu Protoss 

Build Orders: Dark Templar Rush 

Get SALT Encoding   

  12  0:01  Probe (Chrono Boost)  
  13  0:11  Probe (Chrono Boost)  
  14  0:17  Pylon  
  14  0:22  Probe (Chrono Boost)  
  16  0:35  Probe (Chrono Boost)  
  16  0:36  Gateway  
  16  0:46  Probe (Chrono Boost)  
  16  0:47  Assimilator  
  17  0:55  Assimilator  
  17  0:57  Probe (Chrono Boost)  
  18  1:07  Probe (Chrono Boost)  
  19  1:18  Probe (Chrono Boost)  
  20  1:26  Cybernetics Core  
  20  1:28  Pylon, Probe (Chrono Boost)  
  21  1:39  Probe (Chrono Boost)  
  22  1:49  Probe (Chrono Boost)  
  23  2:02  Stalker (Chrono Boost)  
  23  2:03  Twilight Council  
  23  2:04  Warp Gate (Chrono Boost)  
  25  2:14  Robotics Facility  
  25  2:28  Probe  
  28  2:43  Dark Shrine  
  26  2:53  Nexus  
  26  3:05  Gateway  
  26  3:07  Probe  
  27  3:21  Pylon  
  27  3:26  Warp Prism  
  29  3:29  Probe  
  30  3:45  Mothership Core  
  32  4:02  Observer  
  33  4:05  Dark Templar x2  
  33  4:06  Probe  
  38  4:10  Probe  
  39  4:18  Probe  
  39  4:20  Pylon, Probe  
  41  4:30  Probe  
  41  4:31  Probe  
  43  4:41  Probe  
  43  4:42  Probe  
  45  4:46  Pylon  
  45  4:52  Probe  
  45  4:54  Probe  
  47  5:02  Probe  
  47  5:07  Probe  
  49  5:10  Gateway  
  49  5:11  Gateway  
  49  5:16  Nexus, Probe  
  49  5:19  Probe  
  51  5:22  Pylon  
  51  5:27  Probe  
  51  5:31  Probe  
  53  5:36  Immortal  
  53  5:37  Probe  
  53  5:39  Blink (Chrono Boost)  
  58  5:43  Probe  
  59  5:52  Stalker x2  
  59  5:55  Gateway  
  63  6:00  Pylon, Probe  
  64  6:04  Assimilator  
  64  6:05  Assimilator  
  64  6:14  Gateway  
  64  6:15  Gateway  
  64  6:16  Observer  
  65  6:20  Stalker x2  
  65  6:22  Probe  
  65  6:23  Probe  
  71  6:39  Probe x2  
  67  6:41  Probe  
  68  6:47  Immortal  
  68  6:49  Pylon  
  68  6:50  Probe  
  68  6:51  Probe  
  68  6:53  Probe  
  75  7:00  Probe  
  75  7:03  Probe  
  75  7:04  Adept x3  
  75  7:05  Probe  
  84  7:11  Probe  
  83  7:16  Probe  
  83  7:17  Adept, Probe  
  83  7:21  Pylon, Probe  
  87  7:28  Probe  
  87  7:29  Probe  
  90  7:32  Probe  
  90  7:35  Resonating Glaives (Chrono Boost)  
  91  7:37  Forge  
  91  7:38  Adept  
  91  7:39  Stalker x2  
  97  7:45  Adept x3  
  97  7:50  Adept  
  105  7:51  Probe  
  105  7:53  Probe  
  107  7:59  Immortal  
  107  8:00  Forge  
  107  8:01  Sentry  
  113  8:10  Protoss Ground Weapons Level 1 (Chrono Boost)  
  113  8:17  Robotics Facility  
  113  8:30  Dark Templar  
  113  8:31  Adept  
  117  8:35  Assimilator  
  117  8:36  Pylon, Assimilator  
  117  8:41  Gateway  
  117  8:43  Gateway x2  
  117  8:45  Pylon  
  117  8:46  Pylon x2  
  117  8:48  Templar Archives  
  117  8:59  Adept x2, Stalker x2  
  125  9:04  Pylon  
  125  9:06  Pylon  
  125  9:08  Pylon, Probe x3  
  128  9:12  Pylon  
  128  9:13  Pylon  
  126  9:25  Dark Templar  
  126  9:27  Adept  
  126  9:29  Adept  
  126  9:30  Adept x2  
  136  9:36  Adept x2  
  140  9:39  Immortal  
  140  9:41  Warp Prism, Protoss Ground Armor Level 1 (Chrono Boost)  
  144  9:57  Psionic Storm  
  144  9:59  Protoss Ground Weapons Level 2 (Chrono Boost)  
  144  10:16  Nexus  
  134  10:23  Zealot x3  
  134  10:24  Zealot x3  
  142  10:29  High Templar  
  132  10:42  High Templar  
  132  10:43  High Templar x2  
  132  10:45  Adept x3  
  132  10:46  Adept x3  
  132  10:47  Archon  
  132  10:49  Archon  
  90  11:16  Adept  
  90  11:17  Adept, Dark Templar x3  
  90  11:18  Adept x5  
  95  11:32  Probe  
  77  11:38  Zealot x3  
  77  11:39  Stalker x2, Zealot  
  79  11:40  Stalker  
  79  11:45  Charge  
  77  11:48  Probe x3  
  80  11:57  Adept x3  
  80  12:00  High Templar x2, Probe x3  
  93  12:08  Archon  
  93  12:10  Adept x4  
  93  12:12  Probe  
  101  12:28  Immortal  
  101  12:34  Immortal, Pylon  
  101  12:35  High Templar  
  111  12:41  Mothership Core  
  106  13:16  Templar Archives  
Tags
 
Add a new tag
Caveats
  • Supply blocks, unpowered buildings, or Contaminate may cause inaccurate times.
  • Supply counts are checked every 10 seconds.